 Dungeon Crawl Stone Soup version 0.28-a0-691-gad6df49e81 (webtiles) character file.

Game seed: 11966278277507232517

8491 heikuro the Cleaver (level 11, 0/87 HPs)
             Began as a Formicid Fighter on Oct 20, 2021.
             Was a Believer of the Shining One.
             Slain by Sonja (4 damage)
             ... on level 11 of the Dungeon.
             The game lasted 00:22:37 (10351 turns).

heikuro the Cleaver (Formicid Fighter)             Turns: 10351, Time: 00:22:37

Health: 0/87       AC: 20    Str: 28    XL:     11   Next: 56%
Magic:  16/16      EV:  8    Int:  9    God:    the Shining One [**....]
Gold:   731        SH:  6    Dex: 11    Spells: 10/10 levels left

rFire   . . .      SeeInvis +   a - +2 war axe (vorpal)
rCold   . . .      Faith    .   c - +0 buckler
rNeg    + . .      Spirit   .   M - +3 chain mail
rPois   .          Reflect  .   (helmet unavailable)
rElec   .          Harm     .   v - +0 cloak {rCorr}
rCorr   +          Rampage  .   F - +0 pair of gloves
Will    +....                   (no boots)
Stlth   ..........              E - amulet of regeneration
HPRegen 1.24/turn               C - +4 ring of protection
MPRegen 0.15/turn               l - +6 ring of strength

@: glowing
A: permanent stasis, dig shafts and tunnels, antennae 3, four strong arms
a: Dig, Shaft Self, Renounce Religion, Divine Shield


You were on level 11 of the Dungeon.
You worshipped the Shining One.
The Shining One was pleased with you.
You visited 2 branches of the dungeon, and saw 12 of its levels.
You visited the Abyss 1 time.

You collected 731 gold pieces.

Inventory:

Hand Weapons
 a - a +2 vorpal war axe (weapon)
 b - a +0 war axe of flaming
 f - a +1 short sword of venom
 z - a +0 battleaxe
Missiles
 r - 35 poisoned darts (quivered)
Armour
 c - a +0 buckler (worn)
 v - a +0 cloak of preservation (worn)
 F - a +0 pair of gloves (worn)
 M - a +3 chain mail (worn)
 Q - the +8 ring mail of the Earth {Dex+4}
   (You found it on level 1 of the Abyss)

   Dex:       It affects your dexterity (+4).
Jewellery
 l - a +6 ring of strength (right hand)
 w - a ring of magical power
 C - a +4 ring of protection (left hand)
 D - a ring of protection from fire
 E - an amulet of regeneration (around neck)
 H - a ring of protection from fire
 N - an amulet of magic regeneration
Wands
 A - a wand of flame (56)
Scrolls
 e - a scroll of silence {unknown}
 i - 5 scrolls of noise {unknown}
 n - 2 scrolls of holy word
 p - a scroll of enchant armour {unknown}
 s - 2 scrolls of amnesia {unknown}
 t - 3 scrolls of teleportation {unknown}
 u - 2 scrolls of magic mapping {unknown}
 y - 5 scrolls of enchant weapon {unknown}
 B - 3 scrolls of vulnerability
 O - a scroll of brand weapon {unknown}
 P - a scroll of identify
Potions
 d - a potion of might
 g - 4 potions of mutation
 h - 2 potions of resistance
 j - 2 potions of brilliance
 k - 3 potions of cancellation
 m - 3 potions of lignification
 o - 3 potions of flight
 q - a potion of ambrosia {unknown}
 x - 2 potions of haste {unknown}
 G - 3 potions of curing
 I - 2 potions of heal wounds {unknown}
 J - a potion of magic {unknown}
 K - 2 potions of attraction {unknown}
 L - a potion of invisibility {unknown}


   Skills:
 + Level 8.6 Fighting
 * Level 10.5 Axes
 + Level 8.6 Armour
 + Level 9.4 Shields
 + Level 7.2 Invocations


You had 10 spell levels left.
You didn't know any spells.
Your spell library contained the following spells:

 Spells                   Type           Power      Damage    Failure   Level
 Animate Skeleton         Necr           0%         N/A       88%         1
 Apportation              Tloc           0%         N/A       88%         1
 Beastly Appendage        Tmut           0%         N/A       88%         1
 Freeze                   Ice            0%         1d3       88%         1
 Magic Dart               Conj           0%         1d3       88%         1
 Summon Small Mammal      Summ           0%         N/A       88%         1
 Call Imp                 Summ           0%         N/A       95%         2
 Wereblood                Tmut           0%         N/A       95%         2
 Frozen Ramparts          Ice            0%         1d2       99%         3
 Inner Flame              Hex/Fire       0%         N/A       99%         3
 Mephitic Cloud           Conj/Pois/Air  0%         N/A       99%         3
 Spider Form              Tmut/Pois      0%         N/A       99%         3
 Cause Fear               Hex            0%         N/A       100%        4
 Hailstorm                Conj/Ice       0%         3d3       100%        4
 Discord                  Hex            0%         N/A       100%        8


Dungeon Overview and Level Annotations

Branches:
Dungeon (11/15)            Temple (1/1) D:5            Lair (0/6) D:10
    Orc (0/2) D:11

Altars:
Ashenzari
Cheibriados
Dithmenos
Elyvilon
Fedhas
Gozag
Hepliaklqana
Kikubaaqudgha
Makhleb
Nemelex Xobeh
Okawaru
Qazlal
Ru
Sif Muna
Trog
Uskayaw
Vehumet
Wu Jian
Xom
Yredelemnul
Zin
The Shining One
Beogh

Shops:
D:5 *   D:6 ?[   D:7 *   D:8 [   D:11 (

Annotations:
D:11 2 transporters, Sonja; ytrimaz's ghost, journeyman OpBr


Innate Abilities, Weirdness & Mutations

You cannot be hasted, slowed, berserked, paralysed or teleported.
You can dig through walls and to a lower floor.
You have a pair of large antennae on your head. (SInv)
Your four strong arms can wield two-handed weapons with a shield.


Message History

The living lightning hits the raiju.
The raiju completely resists.
The living lightning hits you but does no damage.
The raiju blinks!
The raiju bursts into living lightning!
The living lightning hits you!
The raiju blinks!
The raiju bursts into living lightning!
The living lightning hits you!
* * * LOW HITPOINT WARNING * * *
The living lightning hits the raiju.
The raiju completely resists.
The raiju blinks! x2
The raiju barely misses you. The raiju bites you but does no damage.
Found 43 gold pieces.
The raiju bursts into living lightning!
The living lightning hits the raiju.
The raiju completely resists.
The living lightning hits you!
* * * LOW HITPOINT WARNING * * *
The raiju blinks! x2
Found a gateway leading out of the Abyss.
The raiju bursts into living lightning!
The living lightning hits the raiju.
The raiju completely resists.
The living lightning hits you!
* * * LOW HITPOINT WARNING * * *
The raiju blinks! x3
Unknown command.
Unknown command.
Unknown command.
The raiju bursts into living lightning!
The living lightning hits you.
* * * LOW HITPOINT WARNING * * *
The raiju blinks! x2
There is a gateway leading out of the Abyss here.
Unknown command.
The raiju bites you but does no damage.
You pass through the gate.
Welcome back to the Dungeon!
Level annotation: 2 transporters, Sonja; ytrimaz's ghost, journeyman OpBr Sonja closely misses you.
Sonja hits you but does no damage.
Sonja hits you with a +1 short sword of distortion.
You die...

...............# ...
)......>.......# ..#...
)..............# ..!..
).#............# #...#
..#..###.......# #....
#....####...<..# ...#
..>...##.......##..#
#...............Ko.#
##......).###...@h#.oo.
...###..#.# ##..)[# #
..## ###### ####... ###
..... ....... .......
#..###. .##


You could see a raiju, Sonja and an orc.

Vanquished Creatures
  A hydra (D:11)
  Erica (D:11)
  Nergalle (D:11)
  Pikel (D:8)
  An orc knight (D:11)
  Maurice (D:9)
  Grinder (D:6)
  3 trolls
  2 hornets
  A vampire (D:11)
  A wraith (D:11)
  A wyvern (D:10)
  A water moccasin (D:9)
  6 orc warriors
  3 ice beasts
  A necrophage (D:4)
  A black bear (D:7)
  3 sky beasts
  2 centaurs
  3 lemures (D:8)
  A kobold brigand (D:9)
  3 bullfrogs
  A gnoll sergeant (D:7)
  2 scorpions
  2 wyvern skeletons
  3 killer bees (D:9)
  4 wights
  2 howler monkeys
  A bullfrog zombie (D:3)
  4 centaur zombies
  4 hounds
  8 orc priests
  2 bullfrog skeletons
  3 jellies
  2 iguanas
  16 orc wizards
  4 gnolls (D:7)
  7 adders
  A shadow imp (D:6)
  2 white imps
  2 ufetubi
  An adder skeleton (D:4)
  A worm (D:2)
  A dart slug (D:1)
  44 orcs
  6 ball pythons
  10 endoplasms
  6 giant cockroaches
  6 hobgoblins
  10 jackals
  16 kobolds
  A quokka (D:2)
  7 bats
  5 frilled lizards
  9 goblins
  5 rats
237 creatures vanquished.

Vanquished Creatures (others)
  2 fungi (D:3)
2 creatures vanquished.

Grand Total: 239 creatures vanquished

Notes
Turn   | Place    | Note
-------+----------+-------------------------------------------
     0 | D:1      | heikuro the Formicid Fighter began the quest for the Orb.
     0 | D:1      | Reached XP level 1. HP: 18/18 MP: 1/1
   206 | D:1      | Reached XP level 2. HP: 24/24 MP: 2/2
   447 | D:1      | Reached XP level 3. HP: 29/29 MP: 3/3
  1083 | D:2      | Reached XP level 4. HP: 37/37 MP: 4/4
  1115 | D:2      | Reached skill level 3 in Axes
  1691 | D:2      | Found a faded altar of an unknown god.
  1892 | D:3      | Reached XP level 5. HP: 19/42 MP: 5/5
  2427 | D:3      | Reached XP level 6. HP: 48/48 MP: 6/6
  2432 | D:3      | Found a blossoming altar of Fedhas.
  2509 | D:3      | Found a stormy altar of Qazlal.
  2801 | D:3      | Reached skill level 4 in Axes
  3391 | D:3      | Reached skill level 5 in Shields
  3580 | D:4      | Reached XP level 7. HP: 53/55 MP: 7/7
  4216 | D:3      | Reached skill level 5 in Axes
  4454 | D:4      | Reached skill level 5 in Fighting
  4454 | D:4      | Reached skill level 5 in Armour
  4728 | D:5      | Entered Level 5 of the Dungeon
  4741 | D:5      | Reached XP level 8. HP: 37/62 MP: 8/8
  4921 | D:5      | Found a staircase to the Ecumenical Temple.
  4931 | Temple   | Entered the Ecumenical Temple
  5142 | Temple   | Became a worshipper of the Shining One
  5180 | D:5      | Found Weeb Puu's General Store.
  5262 | D:5      | Reached skill level 1 in Invocations
  5547 | D:5      | Reached skill level 6 in Axes
  6232 | D:6      | Reached XP level 9. HP: 66/69 MP: 10/10
  6324 | D:6      | Found Zaumaent's Magic Scroll Emporium.
  6415 | D:6      | Reached skill level 7 in Axes
  6420 | D:6      | Found Mecuragu's Antique Armour Boutique.
  6516 | D:6      | Noticed Grinder
  6516 | D:6      | Reached * piety under the Shining One
  6521 | D:6      | Killed Grinder
  6775 | D:7      | Noticed a hornet
  6790 | D:7      | Killed a hornet
  6901 | D:7      | Found Kear's Island Escapes.
  7000 | D:7      | Upgraded the game from 0.28-a0-687-gb91baff9cc to
                  | 0.28-a0-691-gad6df49e81
  7602 | D:8      | Reached skill level 8 in Axes
  7616 | D:8      | Found Macihurph's Antique Armour Emporium.
  7679 | D:8      | Reached XP level 10. HP: 77/77 MP: 13/13
  8067 | D:8      | Noticed Pikel
  8080 | D:8      | Killed Pikel
  8081 | D:8      | Reached skill level 5 in Invocations
  8171 | D:8      | Found a glowing silver altar of Zin.
  8435 | D:9      | Reached ** piety under the Shining One
  8659 | D:9      | Reached skill level 9 in Axes
  8753 | D:9      | Noticed Maurice
  8820 | D:9      | Killed Maurice
  9352 | D:9      | Found a hazy altar of Hepliaklqana.
  9359 | D:9      | Found a snail-covered altar of Cheibriados.
  9367 | D:9      | Found an opulent altar of Gozag.
  9374 | D:9      | Found a shimmering blue altar of Sif Muna.
  9382 | D:9      | Found a basalt altar of Yredelemnul.
  9389 | D:9      | Found a radiant altar of Vehumet.
  9395 | D:9      | Found a burning altar of Makhleb.
  9460 | D:10     | Entered Level 10 of the Dungeon
  9645 | D:10     | Reached XP level 11. HP: 59/86 MP: 15/15
  9784 | D:10     | Found a staircase to the Lair.
 10013 | D:11     | Noticed a five-headed hydra
 10024 | D:11     | Killed a one-headed hydra
 10049 | D:11     | Found Xicaf's Weapon Boutique.
 10058 | D:11     | Noticed ytrimaz's ghost (journeyman OpBr)
 10059 | D:11     | Noticed a fire giant
 10059 | D:11     | Noticed a centaur warrior
 10060 | D:11     | Found a transporter.
 10060 | D:11     | Noticed a boulder beetle
 10065 | D:11     | Found a transporter.
 10080 | D:11     | Noticed Erica
 10082 | D:11     | Noticed Nergalle
 10096 | D:11     | Killed Erica
 10097 | D:11     | Reached skill level 10 in Axes
 10104 | D:11     | Killed Nergalle
 10208 | D:11     | Noticed an orc knight
 10212 | D:11     | Found a staircase to the Orcish Mines.
 10220 | D:11     | Killed an orc knight
 10275 | D:11     | Noticed Sonja
 10279 | D:11     | Cast into level 1 of the Abyss (Sonja)
 10291 | Abyss:1  | Identified the +8 ring mail of the Earth {Dex+4}
 10346 | Abyss:1  | HP: 3/87 [raiju/living lightning (10)]
 10349 | Abyss:1  | HP: 1/87 [raiju/living lightning (6)]
 10351 | D:11     | Escaped the Abyss
 10351 | D:11     | Slain by Sonja

Illustrated notes

Levels and vault maps discovered:
D:1:      dpeg_arrival_radiant, layout_basic, minivault_11
D:2:      layout_loops_ring, shapermc_ecumenical_altar_hornbeckon
D:3:      layout_basic, grunt_temple_overflow_forces_of_nature, wad_orctagon
D:4:      layout_basic
D:5:      layout_basic, minmay_temple_entry_large_hall, serial_rivers,
          chequers_serial_rivers_micro_d, chequers_serial_rivers_marsh,
          chequers_serial_rivers_small_3, chequers_serial_rivers_micro_c,
          chequers_serial_rivers_marsh, serial_shops,
          nicolae_shop_window_shopping, minivault_5
D:6:      minmay_flawed_box, layout_basic, serial_shops, kennysheep_mini, shop,
          minmay_misc_feat_four_crosses, uniq_grinder
D:7:      layout_basic, nicolae_island_escapes
D:8:      layout_basic, nicolae_overflow_crystal_walls, serial_shops,
          nicolae_shop_waterfront, chequers_serial_rivers_micro_a,
          minmay_misc_feat_ornament, uniq_pikel
D:9:      layout_roguey, grunt_temple_overflow_octagram,
          kennysheep_generic_room_3, uniq_maurice
D:10:     layout_rooms, dpeg_oklobed_lair
D:11:     layout_cave_pools, david_orc_5, serial_shops, nicolae_shop_trees,
          gammafunk_ghost_arena, uniq_nergalle, uniq_erica, uniq_sonja
Temple:   minmay_temple_bridge_abc

Skill      XL: |  1  2  3  4  5  6  7  8  9 10 11 |
---------------+----------------------------------+-----
Shields        | 4 5 6 7 8 9 |  9.4
Axes           | 3 4 5 6 8 9 10 | 10.5
Fighting       | 4 5 6 7 8 |  8.6
Armour         | 4 5 6 7 8 |  8.6
Invocations    | 2 4 6 7 |  7.2

Action                   |  1- 3 |  4- 6 |  7- 9 | 10-12 || total
-------------------------+-------+-------+-------+-------++-------
Melee: War axe           |    28 |    24 |   160 |   180 ||   392
       Short sword       |    65 |   174 |       |       ||   239
       Unarmed           |       |       |       |    14 ||    14
Invok: Divine Shield     |       |       |       |     1 ||     1
 Abil: Dig               |       |       |     3 |     3 ||     6
Evoke: Wand              |       |       |     2 |       ||     2
  Use: Scroll            |       |     1 |     8 |     1 ||    10
Armor: Scale mail        |    44 |    26 |       |       ||    70
       Chain mail        |       |    86 |       |    94 ||   180
       Plate armour      |       |       |    84 |    75 ||   159
Dodge: Dodged            |    52 |    81 |    55 |    88 ||   276
Block: Buckler           |    23 |    57 |    32 |    75 ||   187

Table legend: (Time is in decaauts)
 A = Elapsed time spent in this place.
 B = Non-inter-level travel time spent in this place.
 C = Inter-level travel time spent in this place.
 D = Time resting spent in this place.
 E = Time spent auto-exploring this place.
 F = Levels seen in this place.
 G = Mean time per level.
                   A        B        C        D        E       F      G
               +--------+--------+--------+--------+--------+-----+--------+
         Total |  10435 |   9905 |    530 |    956 |   6188 |  13 |  802.7 |
       Dungeon |  10117 |   9620 |    497 |    956 |   6049 |  11 |  919.7 |
        Temple |    245 |    212 |     33 |      0 |    139 |   1 |  245.0 |
         Abyss |     72 |     72 |      0 |      0 |      0 |   1 |   72.0 |
               +--------+--------+--------+--------+--------+-----+--------+

Top non-repeatable levels by time:
     D:3: 1563 daAuts
     D:2: 1301 daAuts
     D:9: 1104 daAuts
     D:5: 1065 daAuts
     D:4: 993 daAuts
     D:1: 957 daAuts
     D:7: 882 daAuts
     D:8: 785 daAuts
     D:6: 671 daAuts
    D:10: 527 daAuts
    D:11: 264 daAuts
  Temple: 245 daAuts
 Abyss:1: 72 daAuts
